AoeStats
← AOELG_bravedave92

Nomad

510280952Analyzed
2v2 RM · 3d ago on Sep 30, 2026· 47m 21s· 4 players
Game mode
Random Map
Map size
176×176
Population
200
Speed
Normal
Resources
Standard
Victory
Conquest
Starting age
Dark Age
Ending age
Imperial Age
RankedLock teamsTeams togetherTeam positionsShared explorationLock speedFull tech treeHidden civsTurbo modeCheats
Victory
Defeat
🇩🇪 Vikings · Germany
1167
+17
🇨🇭 Dravidians · Switzerland
1144
+18
🇩🇪 Persians · Germany
1198
-18
🇩🇪 Lithuanians · Germany
1184
-17
AOELG_bravedave92
4:44 Loom
12:50 Feudal Age
15:08 Double-Bit Axe
18:37 Castle Age
16:58 Fishing Lines
18:01 Padded Archer Armor
18:22 Fletching
19:57 Gillnets
20:57 Horse Collar
22:37 Forging
24:33 Gold Mining
25:15 Heavy Plow
24:54 Crossbowman
28:12 Bodkin Arrow
28:33 Leather Archer Armor
28:07 Pikeman
29:30 Iron Casting
31:50 Medium Warships
32:57 Scale Mail Armor
34:15 Chain Mail Armor
37:46 Stone Mining
43:36 Bow Saw
frickman
5:02 Loom
15:54 Feudal Age
21:30 Gold Mining
21:09 Man-at-Arms
23:36 Stone Mining
27:50 Castle Age
27:20 Fishing Lines
27:54 Long Swordsman
28:45 Double-Bit Axe
30:17 Guard Tower
30:49 Ballistics
32:33 Fletching
Obi Lan
2:54 Loom
19:08 Feudal Age
19:58 Fishing Lines
28:24 Double-Bit Axe
32:50 Castle Age
33:10 Gillnets
33:31 Medium Warships
35:40 Wheelbarrow
35:04 Demolition Ship
38:18 Bow Saw
38:42 Careening
38:45 Clinker Construction
39:34 Siphons
40:55 Gold Mining
41:20 Husbandry
41:28 Scale Barding Armor
43:52 Bloodlines
43:55 Forging
44:06 Chain Barding Armor
49:59 Imperial Age
Tonok
5:01 Loom
14:19 Feudal Age
19:36 Castle Age
17:22 Man-at-Arms
19:40 Fletching
22:52 Bloodlines
22:42 Husbandry
28:38 Scale Barding Armor
30:04 Chain Barding Armor
32:59 Wheelbarrow
34:32 Forging
35:08 Fishing Lines
38:50 Sanctity
43:56 Imperial Age
45:08 Double-Bit Axe
49:31 Imperial Age
Connection lost

Rejoining the realm…

Still unreachable

The connection could not be restored.

Session expired

The server has moved on; the page needs a fresh start.